[Event "FIDE Candidates Tournament 2022"]
[Site "Madrid"]
[Date "2022.06.18"]
[Round "2.1"]
[White "Rapport, Richard"]
[Black "Firouzja, Alireza"]
[Result "1/2-1/2"]
[ECO "B53"]
[WhiteElo "2776"]
[BlackElo "2804"]
[Annotator "TA"]
[PlyCount "120"]
[EventDate "2022.06.17"]
[EventType "tourn"]
[EventCountry "ESP"]
[SourceTitle "playchess.com"]
[Source "ChessBase"]
[SourceQuality "1"]
[TimeControl "40/7200:20/3600:900+30"]

1. e4 c5 2. Nf3 d6 3. d4 cxd4 4. Qxd4 Nc6 5. Bb5 a6 6. Bxc6+ {[%emt 0:00:54] B53: Sicilian: 2...d6: Lines with Qxd4.} bxc6 7. c4 e5 8. Qd3 Ne7 {[%emt 0:04:56] is cutting edge theory.} 9. c5 Ng6 10. cxd6 Qxd6 11. Qxd6 Bxd6 {[%emt 0:00:05] [#]} 12. Be3 $146 ({Predecessor:} 12. O-O f6 13. Be3 Kf7 14. Nbd2 Rb8 15. Rac1 Be7 16. b3 Bd7 17. Nc4 Rhd8 18. Bb6 {½-½ (35) Radeva,V (2372)-Osmak,I (2418) Iasi 2021}) 12... a5 13. O-O f6 14. Rc1 Ra6 15. Nbd2 Be6 16. Ne1 Kf7 17. Nd3 Rd8 18. Kf1 Bb4 19. Ke2 Nh4 20. Nxb4 axb4 21. g3 Ng6 22. Bc5 Rb8 23. a3 bxa3 24. Rxa3 Rba8 25. Nc4 Bxc4+ 26. Rxc4 Nf8 27. Rb3 Ne6 28. Rb7+ Kg8 29. Be3 Rd8 30. f4 Nd4+ (30... g6 $14) 31. Bxd4 $16 exd4 {[%emt 0:00:56][%mdl 4096] Endgame KRR-KRR} 32. Kd2 $1 (32. Kd3 Ra1 $11) 32... Ra1 $2 (32... h6 $16) 33. Rxc6 $18 Rh1 {[%emt 0:00:04] [#]} 34. Rcc7 $1 Rxh2+ 35. Kd3 g6 $2 (35... g5 36. fxg5 fxg5) 36. e5 fxe5 37. fxe5 Rh3 38. Ke4 $2 (38. Rg7+ $18 {is more deadly.} Kh8 39. Rbd7) 38... Rxg3 $16 39. Rg7+ (39. Rxh7 $6 Re3+ 40. Kf4 Rf8+ 41. Kg5 Rxe5+ 42. Kxg6 Re6+ 43. Kg5 Re5+ 44. Kh4 Re4+ 45. Kg5 Re5+ 46. Kh4 Re4+ 47. Kg5 Re5+ $11) 39... Kh8 40. Rxh7+ Kg8 41. Kf4 Re3 42. Rbg7+ Kf8 43. Rf7+ $2 (43. Rxg6 Re8 $16) ({White should play} 43. Ra7 $18 Kg8 44. Rhg7+ Kf8 45. Rxg6) 43... Kg8 $11 44. Rfg7+ (44. Rhg7+ $11 Kh8 45. Rh7+ (45. Rxg6 Re2 $16) 45... Kg8 46. Rfg7+ Kf8 47. Ra7 (47. Rxg6 Re8 $16)) 44... Kf8 $16 45. Rf7+ ({White should try} 45. Ra7 $16 Kg8 46. Rag7+) 45... Kg8 $11 46. Rhg7+ Kh8 47. Rxg6 {[%emt 0:00:03] Rf5 is the strong threat.} Re2 $1 {[%emt 0:24:52] White must now prevent ...Rf2+.} 48. e6 {[%emt 0:02:39] And now e7 would win.} (48. Rf5 $5 Rf2+ 49. Kg5 (49. Ke4 Rxf5 50. Kxf5 d3 $14) 49... Rxf5+ 50. Kxf5 $14) 48... Re8 {[%emt 0:04:23] Inhibits e7.} 49. Rh6+ Kg8 50. Rg6+ Kh8 51. Rff6 {[%emt 0:04:22] White wants to mate with Rh6+.} Re7 {[%emt 0:10:45] [#]} (51... Rg8 $11) 52. b4 (52. Kf5 $1 $16 d3 53. Rg4 (53. Rf8+ Kh7 $11)) 52... d3 $1 {[%emt 0:01:32][%cal Bd4d3,Bd3d2][%mdl 32] The position is equal.} 53. Rg3 d2 54. Rh6+ Rh7 55. Rxh7+ Kxh7 {[%emt 0:00:03] KR-KR} 56. Rd3 {[%emt 0:00:04] aiming for Kf5.} Kg6 57. Kf3 Rxe6 58. Rxd2 Kf6 59. Kf4 Re1 60. Rd4 Ke6 {[%emt 0:00:00] Black escapes into a draw.  Weighted Error Value: White=0.21 (precise) /Black=0.14 (very precise)} 1/2-1/2

[Event "FIDE Candidates Tournament 2022"]
[Site "Madrid"]
[Date "2022.06.18"]
[Round "2.2"]
[White "Nakamura, Hikaru"]
[Black "Radjabov, Teimour"]
[Result "1-0"]
[ECO "C65"]
[WhiteElo "2760"]
[BlackElo "2753"]
[Annotator "TA"]
[PlyCount "149"]
[EventDate "2022.06.17"]
[EventType "tourn"]
[EventCountry "ESP"]
[SourceTitle "playchess.com"]
[Source "ChessBase"]
[SourceQuality "1"]
[TimeControl "40/7200:20/3600:900+30"]

1. e4 e5 2. Nf3 Nc6 3. Bb5 Nf6 4. d3 Bc5 5. Nbd2 Nd4 6. Nxd4 {[%emt 0:01:13] C65: Ruy Lopez: Berlin Defence (3...Nf6), unusual lines and 4 0-0 Bc5.} Bxd4 7. c3 Bb6 8. d4 {[%emt 0:00:29] The position is equal.} c6 (8... exd4 {seems wilder.} 9. e5 dxc3 10. bxc3 Qe7) 9. dxe5 {[%emt 0:00:35] Bd3 is the strong threat.} cxb5 10. exf6 Qxf6 11. O-O O-O 12. Qh5 Qc6 {[%emt 0:17:28] [#]} (12... d5 $5) 13. Re1 $146 ({Predecessor:} 13. Nf3 d6 14. Re1 f6 15. Be3 a6 16. Bxb6 Qxb6 17. Qd5+ Rf7 18. Rad1 Bg4 19. Qxd6 {1-0 (33) Nepomniachtchi,I (2784)-Aronian,L (2781) Chess.com INT 2020}) 13... Re8 14. Nf3 d5 15. exd5 Rxe1+ 16. Nxe1 Qc4 17. h3 {[%emt 0:04:15] Prevents Bg4.} Bd7 18. Qf3 Re8 19. Be3 Bxe3 $1 20. fxe3 Re5 (20... h6 $11) 21. d6 (21. Rd1 $16) 21... Qd5 22. Rd1 Qxf3 23. Nxf3 Rxe3 $11 {[%emt 0:00:06][%mdl 4096] Endgame KRB-KRN} 24. Rd5 f6 {[%emt 0:03:18] Inhibits Ne5.} 25. Rc5 Re6 $1 26. Rc7 Rxd6 27. Rxb7 a6 28. Nd4 h5 29. h4 g5 30. g3 Kf7 31. Kf2 Kg6 32. Ke3 Rd5 33. Ra7 Rd6 34. b3 Be6 35. Rc7 Rd5 36. Rc6 $1 $16 (36. Nxe6 $6 Re5+ 37. Kd3 Rxe6 $11) 36... Re5+ 37. Kf2 Bd7 38. Rxa6 gxh4 39. gxh4 Re4 40. Rd6 Bc8 (40... Bg4 $142 41. Rd5 (41. Nxb5 Re2+ 42. Kg3 Rxa2 $16) 41... Bc8) 41. Rd8 (41. Nxb5 Rxh4 42. a4 Rh2+ 43. Ke3 Rh3+ 44. Kd4 Rh2 $16) 41... Bg4 42. Rd5 (42. b4 $142) 42... Bc8 (42... f5 $142) 43. Rc5 Bd7 {[%emt 0:00:08] [#]} 44. Rc7 $1 Be8 {[%emt 0:00:26] [#]} 45. Nf3 $1 Re6 46. Ra7 {[%emt 0:02:53] Against Ra6} Re4 47. Ra8 Kf7 48. Rd8 Re7 49. Rd2 Re4 50. Rd5 Kg6 51. a3 Re7 52. Nd4 Re4 53. Nxb5 Rxh4 {[%emt 0:00:07] White now steadily converts the win.} (53... Rf4+ $1 $11 54. Kg1 Rg4+ 55. Kf1 Rxh4) 54. Nd4 Rh2+ 55. Kg3 Rd2 56. c4 Rd3+ 57. Kh4 {[%emt 0:06:28] White is more active.} Bf7 (57... Rc3 $16 58. a4 (58. Rxh5 Bd7) 58... Bf7) 58. Rd8 $18 Rd1 59. a4 Rh1+ 60. Kg3 {[%emt 0:00:00] Black must now prevent c5.} h4+ 61. Kg2 ({Better is} 61. Kf2 $18) 61... Rc1 (61... Rb1 $16 {was necessary.}) 62. a5 Kh5 63. Kf2 {[%emt 0:08:20] Hoping for a6.} Kg4 64. Rf8 h3 $2 (64... Bg6 65. a6 Ra1 66. Rxf6 Be4) 65. Rxf7 {[%emt 0:00:32] aiming for Rg7+. KRN-KR. White is clearly winning.} h2 66. Rg7+ (66. Rh7 h1=Q 67. Rxh1 Rxh1 $18) 66... Kf4 67. Ne2+ Ke5 68. Ng3 ({Not} 68. Nxc1 h1=Q 69. Ne2 Qh4+ 70. Rg3 f5 $11) ({Inferior is} 68. Re7+ Kd6 69. Rh7 (69. Nxc1 h1=Q $15) 69... h1=Q 70. Rxh1 Rxh1 $11) 68... Rc2+ 69. Kf3 Rc3+ 70. Kg2 {[%emt 0:00:03] Threatens to win with Re7+.} Rxb3 71. a6 Ra3 72. a7 Kd4 73. Nf5+ Kxc4 74. Rb7 Kc5 75. Ne7 {[%emt 0:00:10] Weighted Error Value: White=0.06 (flawless) /Black=0.16 (very precise)} 1-0

[Event "FIDE Candidates Tournament 2022"]
[Site "Madrid"]
[Date "2022.06.18"]
[Round "2.3"]
[White "Nepomniachtchi, Ian"]
[Black "Caruana, Fabiano"]
[Result "1/2-1/2"]
[ECO "C54"]
[WhiteElo "2773"]
[BlackElo "2786"]
[Annotator "TA"]
[PlyCount "65"]
[EventDate "2022.06.17"]
[EventType "tourn"]
[EventCountry "ESP"]
[SourceTitle "playchess.com"]
[Source "ChessBase"]
[SourceQuality "1"]
[TimeControl "40/7200:20/3600:900+30"]

1. e4 e5 2. Nf3 Nc6 3. Bc4 Nf6 4. d3 Bc5 5. O-O d6 6. c3 a6 7. a4 $1 {[%emt 0:00:17][%mdl 4] is now more promising than 7.Bb3. C54: Giuoco Piano: 4 c3 Nf6, main lines with 5 d4 and 5 d3.} Ba7 8. Re1 h6 9. Nbd2 g5 10. b4 {[%emt 0:03:29] [#]} Ng4 $1 $146 {[%emt 0:00:25][%mdl 8] A relevant novelty.} ({Predecessor:} 10... Ne7 11. Nf1 Ng6 12. Be3 Bxe3 13. Nxe3 g4 14. Nd2 h5 15. d4 h4 16. Qb3 Rh7 {1-0 (48) Nepomniachtchi,I (2773)-Grischuk,A (2742) Chess.com INT 2022}) 11. Re2 Qf6 12. Qe1 Qg7 13. Nf1 O-O 14. Ng3 Ne7 15. d4 exd4 16. cxd4 {[%emt 0:01:50] Black must now prevent Bb2.} (16. Bb2 $5 ) 16... Nc6 17. Ra3 Nxd4 18. Nxd4 (18. Rd2 $5 ) 18... Bxd4 19. h3 Ne5 20. Ba2 c5 21. bxc5 Bxc5 22. Rb3 b5 23. Nf5 Qf6 24. Kh2 bxa4 25. Rg3 {[%emt 0:00:44] Hoping for f4.} Kh7 26. Qd1 (26. f4 $15 gxf4 27. Bxf4 Bxf5 28. exf5) 26... Bd7 $17 27. Rc2 {[%emt 0:01:16][%cal Oc1g5] Strongly threatening Bxg5!} Bxf5 28. exf5 Rab8 (28... Qxf5 $6 29. Bb1 Kg8 30. Rb2 $11) 29. Qh5 {[%emt 0:09:48][%cal Rc1g5] aiming for Bxg5.} Rg8 (29... Qxf5 $2 30. Rxc5 $1 dxc5 31. Rxg5 $18) 30. Bb2 Rge8 ({Of course not} 30... Qxf5 31. Bxe5 Qxe5 32. Bxf7 $11) 31. Bc1 $1 {[%emt 0:01:25][%cal Rc1g5] Bxg5 is the strong threat. This bishop pair is nice.} Rg8 (31... Qxf5 $2 32. Rxg5 Qf6 33. f4 $16 (33. Rf5 Qg6 $11)) 32. Bb2 $1 {[%emt 0:00:04] [#]} Rge8 ({Much worse is} 32... Qxf5 33. Bxe5 Qxe5 34. Bxf7 $11) (32... Rxb2 $1 $17 33. Rxb2 d5 34. Bxd5 Qxf5) 33. Bc1 $1 {[%emt 0:02:13] Weighted Error Value: White=0.09 (flawless) /Black=0.15 (very precise)} 1/2-1/2

[Event "FIDE Candidates Tournament 2022"]
[Site "Madrid"]
[Date "2022.06.18"]
[Round "2.4"]
[White "Duda, Jan-Krzysztof"]
[Black "Ding, Liren"]
[Result "1/2-1/2"]
[ECO "C54"]
[WhiteElo "2750"]
[BlackElo "2806"]
[Annotator "TA"]
[PlyCount "82"]
[EventDate "2022.06.17"]
[EventType "tourn"]
[EventCountry "ESP"]
[SourceTitle "playchess.com"]
[Source "ChessBase"]
[SourceQuality "1"]
[TimeControl "40/7200:20/3600:900+30"]

1. e4 e5 2. Nf3 Nc6 3. Bc4 Nf6 4. d3 Bc5 5. c3 d6 6. O-O O-O 7. Re1 $1 {[%emt 0:00:07][%mdl 4] is more profitable than 7.Bb3 at the moment.} a5 {[%emt 0:00:20] C54: Giuoco Piano: 4 c3 Nf6, main lines with 5 d4 and 5 d3.} 8. h3 h6 9. Nbd2 Be6 10. Bb5 Qb8 11. Nf1 Qa7 12. Re2 a4 13. Ng3 Qa5 14. Bxc6 bxc6 {[%emt 0:00:03] [#]} 15. Bd2 $146 ({Predecessor:} 15. Nh4 Rfe8 16. Nhf5 d5 17. Nxh6+ gxh6 18. Bxh6 dxe4 19. Rxe4 Bxf2+ 20. Kxf2 Qb6+ 21. Kf1 Qxb2 {½-½ (84) Kasimdzhanov,R (2657)-Mamedyarov,S (2767) Khanty-Mansiysk 2019}) 15... Bb6 (15... Qb5 $5 16. c4 Qb6 $11) 16. Qc2 Kh7 17. c4 Qa7 18. Bc3 Ng8 19. Rd2 ({White should play} 19. b4) 19... c5 $11 20. Rf1 c6 21. Nh2 f6 22. Re2 Qd7 23. Bd2 g5 {[%emt 0:04:48] Prevents f4.} 24. Rb1 Ne7 25. b4 axb3 26. Rxb3 Bc7 27. Be3 Qe8 28. Rb7 {[%emt 0:03:05] The position is equal.} Qd8 29. Qd1 Bc8 30. Rb3 Qe8 31. Reb2 Qg6 32. Nhf1 Rf7 33. Qe2 Kg8 34. Bd2 f5 35. exf5 Nxf5 36. Nxf5 Bxf5 37. Ng3 Bc8 38. Be3 Kg7 39. Nh5+ Kg8 {[%emt 0:00:19] Threatens to win with ...g4.} 40. Ng3 Kg7 41. Nh5+ Kg8 {[%emt 0:01:57] Weighted Error Value: White=0.04 (flawless) /Black=0.04 (flawless)} 1/2-1/2